 Dungeon Crawl Stone Soup version 0.27-a0-78-g75406f0b48 (webtiles) character file.

Game seed: 4756171299593196455

9 knot the Chopper (level 2, 19/24 HPs)
             Began as a Demonspawn Berserker on Jan 14, 2021.
             Was a Follower of Trog.
             Quit the game on level 1 of the Dungeon.
             The game lasted 00:00:23 (622 turns).

knot the Chopper (Demonspawn Berserker)              Turns: 622, Time: 00:00:23

Health: 19/24      AC:  2    Str: 17    XL:     2   Next: 3%
Magic:  2/2        EV: 12    Int:  8    God:    Trog [*.....]
Gold:   26         SH:  0    Dex: 12    Spells: 1/1 levels left

rFire    . . .     SeeInvis .   a - +0 hand axe
rCold    . . .     Faith    .   (no shield)
rNeg     . . .     Spirit   .   b - +0 animal skin
rPois    .         Reflect  .   (no helmet)
rElec    .         Harm     .   (no cloak)
rCorr    .         Rampage  .   (no gloves)
Will     .....                  (no boots)
Stlth    +.........             (no amulet)
HPRegen  0.08/turn              (no ring)
MPRegen  0.08/turn              (no ring)

@: no status effects
A: hooves 1
a: Renounce Religion, Berserk


You were on level 1 of the Dungeon.
You worshipped Trog.
Trog was aware of your devotion.
You visited 1 branch of the dungeon, and saw 1 of its levels.

You collected 26 gold pieces.

Inventory:

Hand Weapons
 a - a +0 hand axe (weapon)
Missiles
 h - 21 poisoned darts
 k - 16 stones
 l - 17 arrows
Armour
 b - a +0 animal skin (worn)
Jewellery
 i - an uncursed amulet of reflection {unknown}
Scrolls
 g - a scroll of magic mapping {unknown}
 j - 2 scrolls of teleportation {unknown}
Potions
 c - a potion of curing {unknown}
 d - a potion of flight {unknown}
 e - a potion of cancellation {unknown}
 f - a potion of resistance {unknown}


   Skills:
 - Level 3.0 Fighting
 + Level 3.2 Axes
 - Level 1.7 Armour
 - Level 1.7 Dodging


You had one spell level left.
You didn't know any spells.
Your spell library was empty.

Dungeon Overview and Level Annotations

Branches:
Dungeon (1/15)

Altars:


Innate Abilities, Weirdness & Mutations

You have large cloven feet.


Message History

You barely miss the jackal. The jackal barely misses you.
The jackal misses you.
You barely miss the jackal. You hit the jackal. The jackal misses you.
The jackal bites you.
You hit the jackal.
You kill the jackal!
Trog accepts your kill.
You completely miss the jackal.
The jackal bites you but does no damage.
The jackal bites you.
You hit the jackal.
You kill the jackal!
Trog accepts your kill.
You barely miss the jackal. The jackal closely misses you.
The jackal bites you but does no damage.
You have reached level 2!
You feel monstrous as your demonic heritage exerts itself.
Your demonic ancestry asserts itself...
Your feet thicken and deform.
Are you sure you want to abandon this character and quit the game? (Confirm with "yes".)

### ..# #.#### ## #.#...# #.
##...#.# #. # ....#.####### #.
#.#.#h..#.##....# #.
#...h@....##....#####. ...
#...##.#..##....#...#. .....#
#....#........... ..#
##.#...#...#####. ..###
#.#....#.....##. ..#
##.####.#.###.... #.#
#.....#.#.# ###..
#.####..##.#.#.###....
#######+#....#...#...#.....≈≈≈


You could see 2 jackals.

Vanquished Creatures
  A goblin (D:1)
  2 hobgoblins (D:1)
  2 jackals (D:1)
  A bat (D:1)
  2 frilled lizards (D:1)
8 creatures vanquished.

Notes
Turn   | Place    | Note
-------+----------+-------------------------------------------
     0 | D:1      | knot the Demonspawn Berserker began the quest for the Orb.
     0 | D:1      | Reached XP level 1. HP: 18/18 MP: 1/1
   622 | D:1      | Gained mutation: You have large cloven feet. [demonic
                  | ancestry]
   622 | D:1      | Reached XP level 2. HP: 19/24 MP: 2/2
   622 | D:1      | Quit the game

Illustrated notes

Levels and vault maps discovered:
D:1:      dpeg_arrival_pits, layout_basic

Skill      XL: |  1 |
---------------+----+-----
Axes           | 3 |  3.2
Fighting       | |  3.0
Armour         | |  1.7
Dodging        | |  1.7

Action                   || total
-------------------------++-------
Melee: Hand axe          ||    23
Invok: Berserk           ||     1
Armor: Animal skin       ||     4
Dodge: Dodged            ||    16

Table legend: (Time is in decaauts)
 A = Elapsed time spent in this place.
 B = Non-inter-level travel time spent in this place.
 C = Inter-level travel time spent in this place.
 D = Time resting spent in this place.
 E = Time spent auto-exploring this place.
 F = Levels seen in this place.
 G = Mean time per level.
                   A        B        C        D        E       F      G
               +--------+--------+--------+--------+--------+-----+--------+
         Total |    638 |    638 |      0 |    136 |    444 |   1 |  638.0 |
       Dungeon |    638 |    638 |      0 |    136 |    444 |   1 |  638.0 |
               +--------+--------+--------+--------+--------+-----+--------+

Top non-repeatable levels by time:
     D:1: 638 daAuts
